AoeStats
← 公鸡神探

Oasis

508399706Analyzed
4v4 RM · 10d ago on Sep 22, 2026· 33m 24s· 8 players
Game mode
Random Map
Map size
Large (8 player)
Population
200
Speed
Normal
Resources
Standard
Victory
Conquest
Starting age
Dark Age
Ending age
Imperial Age
RankedLock teamsTeams togetherTeam positionsShared explorationLock speedFull tech treeHidden civsTurbo modeCheats
Victory
Defeat
🇪🇸 Sicilians · Spain
1219
+14
🇹🇷 Byzantines · Türkiye
1181
+16
🇨🇳 Persians · China
1150
+17
🇮🇩 Georgians · Indonesia
1147
+17
🇦🇺 Malay · Australia
1191
-17
🇨🇱 Persians · Chile
1180
-16
🇨🇳 Berbers · China
1176
-16
1155
-15
翻斗花园突破手绫小路
ragamuffin
9:52 Feudal Age
8:08 Loom
10:01 Double-Bit Axe
12:13 Horse Collar
15:30 Wheelbarrow
19:26 Castle Age
18:35 Forging
18:16 Fletching
21:32 Bodkin Arrow
22:52 Town Watch
23:22 Hand Cart
公鸡神探
Colo-Colo
10:42 Feudal Age
12:14 Loom
14:50 Castle Age
14:26 Scale Barding Armor
14:28 Double-Bit Axe
14:26 Horse Collar
25:22 Bloodlines
26:58 Forging
30:32 Bow Saw
32:32 Husbandry
33:05 Chain Barding Armor
TempYuraa
8:24 Feudal Age
9:54 Double-Bit Axe
10:37 Horse Collar
15:51 Forging
20:26 Castle Age
23:20 Bow Saw
23:11 Heavy Plow
23:49 Wheelbarrow
23:25 Gold Mining
24:29 Husbandry
24:39 Bloodlines
24:39 Scale Barding Armor
25:25 Loom
27:12 Iron Casting
32:02 Chain Barding Armor
36:23 Imperial Age
33:51 Stone Mining
Jambo
1:25 Loom
9:54 Feudal Age
10:24 Double-Bit Axe
15:06 Scale Mail Armor
14:57 Fletching
17:41 Horse Collar
18:06 Stone Mining
18:37 Forging
25:21 Castle Age
26:13 Heavy Plow
26:25 Bow Saw
26:47 Chain Mail Armor
27:08 Iron Casting
28:29 Bodkin Arrow
29:43 Stone Shaft Mining
29:01 Gold Mining
30:34 Gold Shaft Mining
31:06 Masonry
31:41 Arson
31:57 Squires
35:56 Imperial Age
33:39 Murder Holes
FALCON
10:55 Feudal Age
16:45 Castle Age
17:55 Crossbowman
18:45 Double-Bit Axe
25:33 Light Cavalry
29:46 Pikeman
30:27 Squires
卢本伟
Connection lost

Rejoining the realm…

Still unreachable

The connection could not be restored.

Session expired

The server has moved on; the page needs a fresh start.